Map: Costas tropicales

Players

MrFercho - Winner!

  • Race: Terran Terran
  • Spawn Location: 0:00

tigro

  • Race: Terran Terran
  • Spawn Location: 5:00

VOD

Have the link to the VOD?

Description

Time

  • Played on: March 23, 2020, 8:04 p.m.
  • Length: 36:34
Show
View Real Time Build Order
Export as new Build Order

MrFercho Terran - Winner!

Build Orders:  

Get SALT Encoding   

  12  0:03  SCV  
  13  0:15  SCV  
  14  0:21  Supply Depot  
  14  0:29  Refinery  
  15  0:35  SCV  
  15  0:47  SCV  
  16  0:59  SCV  
  17  1:04  Engineering Bay  
  17  1:12  SCV  
  17  1:16  Refinery  
  18  1:24  SCV  
  19  1:36  SCV  
  20  1:50  SCV  
  21  2:02  SCV  
  21  2:03  Barracks  
  22  2:14  SCV  
  23  2:23  Supply Depot  
  23  2:28  Supply Depot  
  23  2:45  SCV  
  24  2:55  Command Center  
  24  2:57  SCV  
  25  3:00  Factory  
  25  3:18  Terran Infantry Weapons Level 1  
  25  3:36  Refinery  
  25  3:39  SCV  
  25  3:40  Refinery  
  26  3:51  SCV  
  26  3:54  Starport x2  
  27  4:03  SCV  
  28  4:11  Factory Tech Lab  
  28  4:12  Barracks Tech Lab  
  28  4:15  SCV  
  29  4:27  SCV  
  30  4:32  Armory, Orbital Command  
  30  4:33  Armory  
  30  4:42  Orbital Command  
  30  4:52  Starport Tech Lab x2  
  30  5:16  Banshee x2  
  36  5:25  Marauder  
  38  5:35  SCV x2  
  40  5:46  Marine  
  40  5:47  SCV x2  
  43  5:57  Supply Depot  
  43  5:59  SCV, Liberator x2  
  43  6:00  SCV  
  51  6:19  Thor  
  51  6:21  Supply Depot  
  57  6:34  Terran Vehicle Weapons Level 1  
  57  6:35  Terran Vehicle And Ship Armor Level 1  
  57  6:42  Cloaking Field  
  57  6:43  Hyperflight Rotors  
  57  7:03  SCV x2  
  59  7:15  SCV x2  
  61  7:27  SCV x2  
  63  7:39  SCV x2  
  65  7:51  SCV x2  
  67  8:00  Corvid Reactor  
  46  9:56  Banshee x2  
  52  10:22  Starport  
  52  10:24  Starport  
  52  10:33  Barracks  
  52  10:38  Banshee  
  52  10:39  Raven  
  52  10:40  Barracks  
  57  10:43  Barracks  
  57  10:45  Barracks  
  57  10:48  Factory  
  57  10:51  Factory  
  57  10:52  Factory  
  57  10:54  SCV x2  
  59  11:03  Combat Shield, Factory  
  59  11:06  SCV x2  
  59  11:07  Command Center  
  59  11:10  Starport Tech Lab x2  
  61  11:18  SCV  
  61  11:19  SCV, Terran Ship Weapons Level 1, Terran Vehicle And Ship Armor Level 2  
  61  11:21  Liberator  
  61  11:22  Medivac  
  68  11:26  Refinery  
  68  11:30  SCV  
  68  11:31  SCV, Refinery  
  70  11:35  Engineering Bay  
  70  11:38  Engineering Bay, Neosteel Armor  
  70  11:43  Barracks Tech Lab  
  70  11:44  Barracks Tech Lab x3  
  70  11:48  Factory Tech Lab x3  
  70  11:49  Factory Tech Lab  
  70  12:03  Supply Depot  
  70  12:06  Supply Depot x2  
  70  12:11  SCV x2, Medivac  
  74  12:21  Concussive Shells  
  74  12:24  Hellion x2  
  74  12:25  Hellion x3  
  74  12:26  Supply Depot  
  74  12:29  Supply Depot  
  84  12:33  Marine x2  
  84  12:34  Marine x3  
  89  12:46  Hellion x5  
  99  12:51  Marauder  
  99  12:52  Marauder x4  
  99  12:55  Fusion Core  
  99  12:57  Fusion Core  
  109  12:59  Fusion Core  
  109  13:02  Terran Infantry Weapons Level 2  
  109  13:03  Terran Infantry Armor Level 1  
  109  13:04  Stimpack  
  109  13:13  Terran Vehicle Weapons Level 2  
  109  13:18  Hi-Sec Auto Tracking  
  109  13:31  Infernal Pre-Igniter  
  109  13:32  Mag-Field Accelerator  
  109  13:33  Drilling Claws, Smart Servos  
  109  13:42  Terran Vehicle And Ship Armor Level 3  
  109  13:52  Orbital Command  
  109  13:59  SCV x2  
  111  14:11  SCV x2  
  113  14:23  SCV x2  
  115  14:26  SCV  
  116  14:35  SCV x2, Supply Depot  
  116  14:36  Supply Depot  
  118  14:38  SCV  
  118  14:39  Supply Depot  
  119  14:47  SCV  
  119  14:48  SCV  
  119  14:51  SCV  
  122  14:59  SCV  
  123  15:00  SCV  
  123  15:01  Supply Depot  
  123  15:03  SCV  
  122  15:28  Terran Ship Weapons Level 2  
  88  16:36  Marauder  
  88  16:37  Marauder x4  
  98  16:54  Thor x5  
  98  16:57  Marine x2  
  98  16:58  Marine x3  
  132  17:07  Battlecruiser x3  
  147  17:36  Command Center  
  147  17:37  Cyclone x4  
  147  17:38  Cyclone, Refinery  
  147  17:43  Refinery  
  162  18:09  Cyclone  
  165  18:17  Command Center  
  165  18:19  Refinery  
  165  18:23  Refinery  
  165  19:24  Sensor Tower  
  165  19:44  Orbital Command  
  165  19:54  Sensor Tower  
  165  19:56  Orbital Command  
  165  20:12  Missile Turret  
  165  20:15  Missile Turret  
  165  20:18  Missile Turret  
  165  20:19  Sensor Tower  
  165  20:33  Missile Turret  
  165  20:39  Missile Turret  
  165  20:40  Command Center  
  165  20:41  Missile Turret  
  165  20:58  Missile Turret  
  165  21:00  Missile Turret  
  165  21:06  Missile Turret  
  165  21:21  Missile Turret  
  165  21:26  Missile Turret  
  165  21:31  Missile Turret  
  165  21:35  Weapon Refit  
  165  21:36  Advanced Ballistics, Rapid Reignition System  
  165  21:38  Terran Vehicle Weapons Level 3  
  165  21:39  Terran Ship Weapons Level 3  
  165  21:43  Terran Infantry Weapons Level 3, Terran Infantry Armor Level 2  
  165  21:48  Missile Turret  
  165  21:52  Missile Turret  
  165  21:54  Refinery  
  165  21:56  Missile Turret  
  165  22:08  Missile Turret, Ghost Academy  
  162  22:13  Ghost Academy  
  162  22:14  Missile Turret, Ghost Academy  
  159  22:17  Ghost Academy  
  159  22:18  Ghost Academy  
  159  22:20  Refinery  
  159  22:23  Missile Turret  
  159  22:37  Ghost Academy  
  159  22:50  Missile Turret  
  159  22:53  Missile Turret  
  159  22:54  Orbital Command  
  159  23:04  Missile Turret  
  159  23:13  Missile Turret  
  159  23:20  Missile Turret  
  159  23:25  SCV  
  160  23:28  Missile Turret  
  160  23:37  SCV, Missile Turret  
  161  23:43  Missile Turret  
  161  23:49  SCV  
  161  23:51  Ghost x2  
  161  23:52  Ghost x3  
  172  23:59  Personal Cloaking  
  172  24:00  Enhanced Shockwaves  
  172  24:01  SCV, Nuke x3  
  172  24:02  Nuke  
  173  24:13  SCV  
  174  26:20  Nuke x3  
  174  26:21  Nuke x2  
  122  29:34  Marauder  
  122  29:35  Marauder x4  
  132  29:39  Thor x5  
  162  29:51  Battlecruiser x2  
  162  29:52  Battlecruiser x2  
  186  29:56  Marauder  
  188  30:22  Siege Tank x4  
Show
View Real Time Build Order
Export as new Build Order

tigro Terran 

Build Orders:  

Get SALT Encoding   

  12  0:05  SCV  
  13  0:17  SCV  
  14  0:22  Supply Depot  
  14  0:29  SCV  
  15  0:37  Refinery  
  15  0:43  SCV, Refinery  
  16  0:55  SCV  
  17  1:08  SCV, Barracks  
  18  1:20  SCV  
  19  1:52  Supply Depot  
  19  1:56  Marine  
  19  1:57  Barracks  
  20  2:14  Marine  
  21  2:17  Engineering Bay  
  21  2:32  Marine  
  22  2:50  Marine  
  23  2:55  Command Center  
  23  2:58  Orbital Command  
  23  3:04  Barracks Tech Lab  
  23  3:07  Marine  
  24  3:26  Missile Turret  
  24  3:34  Marauder  
  26  3:47  Supply Depot  
  26  3:55  Marauder  
  28  4:12  Missile Turret  
  28  4:35  Factory  
  28  4:44  Planetary Fortress  
  28  4:45  Missile Turret  
  28  5:22  Missile Turret  
  28  5:25  SCV, Missile Turret  
  29  5:37  SCV  
  30  5:49  SCV  
  31  5:51  Refinery  
  31  6:00  Factory Tech Lab  
  31  6:02  SCV  
  32  6:05  Missile Turret  
  32  6:14  SCV  
  32  6:15  Terran Infantry Weapons Level 1  
  32  6:16  Factory  
  33  6:21  Marine  
  34  6:25  Barracks Tech Lab  
  34  6:30  Mag-Field Accelerator  
  34  6:39  Marine  
  35  6:54  Siege Tank  
  35  6:56  Marine  
  35  6:59  SCV  
  40  7:08  Armory  
  40  7:09  Refinery  
  40  7:12  SCV  
  40  7:14  Marine  
  42  7:17  Factory Tech Lab  
  42  7:32  SCV, Marine  
  39  8:09  Infernal Pre-Igniter, Terran Infantry Armor Level 1  
  35  8:37  Missile Turret  
  23  9:09  Missile Turret  
  18  9:30  Marine  
  15  9:34  Marine  
  16  9:45  Missile Turret  
  16  9:48  Marine  
  16  9:51  Marine  
  18  9:59  Refinery  
  18  10:00  Refinery  
  18  10:03  Neosteel Armor  
  18  10:04  Thor  
  18  10:05  Marine  
  25  10:09  Marine  
  26  10:18  SCV  
  27  10:23  Marine  
  27  10:27  Marine  
  29  10:30  SCV  
  30  10:41  Marine  
  31  10:43  SCV  
  31  10:45  Marine  
  31  10:47  Siege Tank  
  36  10:53  Missile Turret  
  36  10:55  SCV  
  37  11:07  SCV  
  38  11:19  SCV, Siege Tank  
  42  11:31  SCV  
  43  11:43  SCV, Hi-Sec Auto Tracking  
  43  11:46  Supply Depot  
  44  11:51  Siege Tank  
  47  11:55  SCV  
  48  12:07  SCV  
  49  12:09  Missile Turret  
  49  12:17  Missile Turret  
  49  12:23  Siege Tank  
  52  13:07  Missile Turret  
  52  13:11  Starport  
  52  13:13  Terran Infantry Weapons Level 2  
  52  13:16  Terran Vehicle And Ship Armor Level 1  
  52  13:53  Medivac, Starport  
  54  14:06  Missile Turret  
  54  14:23  Medivac  
  58  14:24  Marauder  
  58  14:30  Marine  
  59  14:45  Marine  
  60  14:48  Marine  
  60  14:50  Missile Turret  
  61  15:04  Missile Turret  
  61  15:06  Marine  
  62  15:10  Terran Vehicle Weapons Level 1  
  62  15:26  SCV, Marine  
  61  15:29  Terran Infantry Armor Level 2  
  61  15:30  Marauder  
  58  15:38  SCV  
  42  15:43  Marine  
  38  15:50  SCV  
  38  15:51  Marine  
  33  15:59  Missile Turret  
  31  16:09  Marauder  
  26  17:05  Terran Ship Weapons Level 1  
  26  17:16  SCV  
  27  17:27  Marine  
  27  17:29  SCV  
  29  17:30  Marine  
  30  17:37  Refinery  
  30  17:41  SCV  
  31  17:45  Marine  
  31  17:48  Marine  
  33  17:53  SCV  
  34  18:03  Marine  
  35  18:06  Marine  
  36  18:19  Starport Tech Lab  
  36  18:21  Medivac, Marine  
  39  18:39  Marine  
  40  18:51  Medivac  
  42  18:56  Marine  
  43  19:11  Command Center  
  43  19:14  Marine  
  44  19:21  Missile Turret  
  44  19:35  Siege Tank  
  47  19:44  Missile Turret  
  47  20:06  Missile Turret  
  47  20:07  Siege Tank  
  50  20:39  Siege Tank  
  53  20:51  SCV  
  53  20:53  Missile Turret  
  54  21:04  SCV, Terran Vehicle And Ship Armor Level 2  
  55  21:11  Siege Tank  
  55  21:14  Supply Depot  
  55  21:16  SCV  
  59  21:28  SCV  
  60  21:38  SCV  
  61  21:40  SCV  
  61  21:45  Missile Turret  
  62  21:57  Supply Depot  
  62  22:12  Fusion Core  
  62  22:21  Missile Turret  
  62  22:34  Starport Tech Lab  
  62  22:36  Raven  
  64  22:40  Corvid Reactor  
  64  22:47  SCV  
  64  22:48  Missile Turret  
  65  23:06  Missile Turret  
  65  23:19  Raven  
  67  23:20  Terran Vehicle Weapons Level 2  
  67  23:46  Missile Turret  
  67  23:59  Cloaking Field  
  67  24:00  Cyclone  
  67  24:02  Thor  
  76  24:09  Planetary Fortress  
  76  24:32  Cyclone  
  79  24:45  Thor  
  85  24:47  Missile Turret  
  77  25:01  Missile Turret  
  70  25:11  Marine  
  71  25:14  Marine  
  71  25:18  Hyperflight Rotors  
  72  25:29  Marine  
  72  25:32  Marine  
  74  25:36  Terran Ship Weapons Level 2  
  74  25:47  Marine  
  75  25:50  Marine  
  63  26:05  Marine  
  63  26:08  Marine  
  61  26:23  Marine  
  61  26:24  Raven  
  64  26:25  Marine  
  64  26:51  Marauder  
  68  26:54  Marauder  
  68  27:12  Battlecruiser  
  68  27:13  Marauder  
  68  27:14  Battlecruiser  
  84  27:15  Marauder  
  67  27:34  Marauder  
  50  27:37  Marauder  
  50  27:55  Marauder  
  50  27:56  Refinery  
  54  27:58  Marauder  
  54  28:17  Marauder  
  52  28:20  Marauder  
  52  28:38  Marine  
  52  28:40  Marine  
  51  28:55  Marine  
  51  28:58  Marine  
  47  29:13  Marine  
  47  29:16  Marine  
  41  29:59  Missile Turret  
  41  30:10  Weapon Refit  
  41  30:21  Refinery  
  41  30:30  Missile Turret  
  41  30:34  SCV  
  42  30:46  SCV  
  43  30:58  SCV  
  43  31:02  Marine  
  45  31:04  Marine  
  45  31:10  SCV  
  47  31:18  Combat Shield  
  47  31:19  Marine  
  47  31:22  SCV, Marine  
  47  31:25  Medivac  
  52  31:37  Marine  
  53  31:40  Marine  
  53  31:41  Refinery  
  54  31:50  Rapid Reignition System  
  54  31:55  Marine  
  54  31:58  Marine  
  56  32:13  Marine  
  56  32:14  Missile Turret  
  57  32:16  Marine  
  58  32:25  Siege Tank  
  61  32:47  Advanced Ballistics  
  61  32:57  Siege Tank  
  64  33:11  Missile Turret  
  64  33:40  Marine  
  46  33:42  Marine  
  15  35:00  Supply Depot  
  7  35:41  Barracks  
Tags
 
Matchup
TvT
Race
Terran
Replay Pack
MrFercho
Add a new tag
Caveats
  • Supply blocks, unpowered buildings, or Contaminate may cause inaccurate times.
  • Supply counts are checked every 10 seconds.